 Dungeon Crawl Stone Soup version 0.30.0-29-ga12c61a403 (webtiles) character file.

Game seed: 5966271528276116494

34 monsoonserge the Covered (level 3, -3/33 HPs)
             Began as a Meteoran Fighter on June 12, 2023.
             Slain by a gnoll
             ... wielding a +0 whip
              (4 damage)
             ... on level 2 of the Dungeon.
             The game lasted 00:01:51 (333 turns).

monsoonserge the Covered (Meteoran Fighter)          Turns: 333, Time: 00:01:52

Health: -3/33      AC:  7    Str: 19    XL:     3   Next: 73%
Magic:  4/4        EV:  9    Int: 10    God:
Gold:   9          SH:  5    Dex: 13    Spells: 2/2 levels left

rFire   . . .        a - +0 war axe
rCold   . . .        c - +0 buckler
rNeg    + . .        b - +0 scale mail
rPois   .            (no helmet)
rElec   .            (no cloak)
rCorr   .            (no gloves)
SInv    .            (no boots)
Will    .....        (no amulet) Stlth
                     g - ring of positive energy
HPRegen 0.25/turn    (no ring)
MPRegen 0.09/turn

%: no passive effects
@: mighty, flying, glowing
A: sense surroundings 1, otherworldly, glowing, explore regen
a: no special abilities


You were on level 2 of the Dungeon.
You visited 1 branch of the dungeon, and saw 2 of its levels.

You collected 9 gold pieces.

Inventory:

Hand Weapons
 a - a +0 war axe (weapon)
 f - a +0 trident
Armour
 b - a +0 scale mail (worn)
 c - a +0 buckler (worn)
Jewellery
 g - a ring of positive energy (left hand)
Scrolls
 e - a scroll of identify {unknown}
 h - a scroll of immolation {unknown}
 j - a scroll of amnesia {unknown}
 k - a scroll of teleportation {unknown}


   Skills:
 + Level 3.6 Fighting
 + Level 2.9 Axes
 + Level 4.3 Armour
 + Level 4.0 Shields


You had 2 spell levels left.
You didn't know any spells.
Your spell library was empty.

Dungeon Overview and Level Annotations

Branches:
Dungeon (2/15) Zot: 852

Altars:
Trog


Innate Abilities, Weirdness & Mutations

You passively map a small area around you.
You are easily found by Zot.
You glow in the dark.
You regain HP and MP as you explore.


Message History

You barely miss the adder.
The adder is almost dead.
You hit the quokka. You hit the gnoll.
You feel sick. The adder bites you but does no damage. The gnoll misses you.
The quokka closely misses you. The adder barely misses you.
The gnoll closely misses you. The gnoll hits you with a +0 flail.
Unknown command.
You slash the adder!
You kill the adder!
You barely miss the quokka. You barely miss the gnoll. You slash the gnoll!
You kill the gnoll!
You feel sick. The bat closely misses you. The quokka barely misses you. x2
The gnoll hits you with a +0 whip.
* * * LOW HITPOINT WARNING * * *
Your Shields skill increases to level 4!
You have reached level 3!
Your experience leads to an increase in your attributes!
Increase (S)trength, (I)ntelligence, or (D)exterity?
You feel stronger. x2; You feel clever.
Okay, then.
Okay, then.
It was a potion of flight.
You feel very buoyant.
You fly up into the air.
You feel sick. The bat hits you but does no damage.
You block the giant cockroach's attack. You block the quokka's attack.
The gnoll hits you with a +0 whip.
* * * LOW HITPOINT WARNING * * *
You feel very mighty all of a sudden.
You feel sick. The bat barely misses you. You block the bat's attack.
You block the giant cockroach's attack. The quokka closely misses you.
The bat barely misses you. The gnoll hits you with a +0 whip.
* * * LOW HITPOINT WARNING * * *
The giant cockroach bites you but does no damage.
You completely miss the gnoll. You barely miss the quokka.
You closely miss the bat. You closely miss the giant cockroach.
You feel sick.
You are no longer poisoned.
The bat hits you.
* * * LOW HITPOINT WARNING * * *
You block the quokka's attack. The gnoll hits you with a +0 whip.
You die...

, P.!_[ ,* , .....
,, * , , * #§..#♣,
,,, , , ..... ,*,
#...# *, , P..#...
#...# ,, ♣.....r♣♣*
#...# , ♣P...♣Bb♣♣♣♣
#...# ♣P..r@...♣
#...# *
PP.♣♣.g..P♣♣♣#...# #
=...♣♣P.....#...#.#
♣.♣P,,♣♣♣♣PP.#..<..#
♣,
,,,♣♣..#...#####** *
*^,,*♣.##......... *
*
..P..P.#...#.######
.♣♣.♣♣.#..##.#, , ,
* ##>.....#


You could see a gnoll, a quokka, a giant cockroach, a bat and a rat.

Vanquished Creatures
  A gnoll (D:2)
  An adder (D:2)
  A ball python (D:1)
  2 endoplasms (D:1)
  A giant cockroach (D:1)
  2 hobgoblins
  3 kobolds (D:1)
  A bat (D:1)
  A frilled lizard (D:1)
  2 goblins (D:1)
15 creatures vanquished.

Notes
Turn   | Place    | Note
-------+----------+-------------------------------------------
     0 | D:1      | monsoonserge the Meteoran Fighter began the quest for the
                  | Orb.
     0 | D:1      | Reached XP level 1. HP: 19/19 MP: 2/2
    75 | D:1      | Reached XP level 2. HP: 20/26 MP: 3/3
   325 | D:2      | Found a bloodstained altar of Trog.
   331 | D:2      | Reached XP level 3. HP: 8/33 MP: 4/4
   333 | D:2      | HP: 1/33 [bat (1)]
   333 | D:2      | Slain by a gnoll

Illustrated notes

Levels and vault maps discovered:
D:1:      onia_arrival_pyramid, layout_rooms
D:2:      wad_woods_stonehenge, layout_basic

Skill      XL: |  1  2 |
---------------+-------+-----
Armour         | 4 |  4.3
Shields        | 4 |  4.0
Fighting       | |  3.6
Axes           | |  2.9

Action                     || total
---------------------------++-------
  Melee: War axe           ||    36
    Use: Potion            ||     2
 Armour: Scale mail        ||    24
  Dodge: Dodged            ||    21
  Block: Buckler           ||    16
